 Dungeon Crawl Stone Soup version 0.19-a0-1827-g174f941 (console) character file.

193 brucemayne the Cleaver (level 5, -6/45 HPs)
             Began as a Hill Orc Monk on Oct 7, 2016.
             Was a Believer of Makhleb.
             Mangled by a gnoll
             ... wielding a +0 spear
              (8 damage)
             ... on level 5 of the Dungeon.
             The game lasted 00:04:33 (970 turns).

brucemayne the Cleaver (Hill Orc Monk)               Turns: 970, Time: 00:04:33

Health: -6/45      AC:  6    Str: 15    XL:     5   Next: 72%
Magic:  5/5        EV: 10    Int: 10    God:    Makhleb [**....]
Gold:   48         SH:  0    Dex: 13    Spells: 0 memorised, 4 levels left

rFire  . . .     SeeInvis .     j - +0 war axe
rCold  . . .     Gourm    .     l - +0 ring mail (curse)
rNeg   . . .     Faith    .     (no shield)
rPois  .         Spirit   .     i - +0 helmet
rElec  .         Dismiss  .     (no cloak)
rCorr  .         Reflect  .     (no gloves)
MR     .....     Harm     .     (no boots)
Stlth  ..........               (no amulet)
                                (no ring)
                                d - ring of loudness (curse)

@: heavily drained
A: no striking features
a: Minor Destruction, Renounce Religion


You were on level 5 of the Dungeon.
You worshipped Makhleb.
Makhleb was pleased with you.
You were not hungry.

You visited 2 branches of the dungeon, and saw 7 of its levels.

You collected 48 gold pieces.

Inventory:

Hand Weapons
 a - a +1 hand axe
 j - a +0 war axe (weapon)
Armour
 b - a +0 robe
 i - a +0 helmet (worn)
 l - a cursed +0 ring mail (worn)
Jewellery
 d - a cursed ring of loudness (left hand)
 h - an uncursed amulet of harm
Scrolls
 f - a scroll of identify {unknown}
 m - a scroll of blinking {unknown}
 n - a scroll of teleportation
Comestibles
 c - 2 bread rations
 k - a chunk of flesh
 o - a beef jerky


   Skills:
 - Level 3.6(1.9) Fighting
 + Level 8.2(6.3) Axes
 - Level 2.4(0.7) Dodging
 - Level 1.5(0.0) Stealth


You had 4 spell levels left.
You didn't know any spells.

Dungeon Overview and Level Annotations

Branches:
Dungeon (6/15)             Temple (1/1) D:5

Altars:
Cheibriados
Elyvilon
Fedhas
Gozag
Hepliaklqana
Makhleb
Qazlal
Trog
Uskayaw
Yredelemnul

Annotations:
D:6 Grinder


Message History

Remove which piece of jewellery? (? for menu, Esc to quit)
Really remove
h - an amulet of harm?
You remove your amulet of harm.
The amulet drains your life force as you remove it!
You feel drained.
Unknown command.
You aren't carrying any potions.
Unknown command.
There is a stone staircase leading up here.
Your ring mail prevents you from hitting Grinder.
Grinder blinks!
You climb upwards.
The ogre closely misses you. The gnoll hits you but does no damage.
The gnoll hits you with a halberd!
There is a stone staircase leading down, spattered with blood here.
The gnoll closely misses you.
The ogre hits you with a giant spiked club!
* * * LOW HITPOINT WARNING * * *
The gnoll barely misses you. The gnoll hits you with a spear!
You die...

#.# #.##.# #.....#
######.#######.##.# #.###.#
#....#.........##.# #.# #.#
#.##.############.#####.# #.#
#.##.#########..#.#.....# #.#
#.##..............#.#######.#####
..############gO..(..............
### #>..g...............
#g#@.#.#######.##### #....#.# #.#
# #.....#.# #...... #.#####.#
####### #. #.# #.#####.#
#.....#.# ####....# #.....###


You could see an ogre and 2 gnolls.

Vanquished Creatures
  A bullfrog (D:6)
  2 bullfrog skeletons (D:5)
  3 adders
  An adder zombie (D:6)
  A dart slug (D:2)
  2 leopard geckos
  2 orcs (D:3)
  3 giant cockroaches
  3 goblins
  4 hobgoblins
  2 jackals (D:5)
  2 kobolds (D:3)
  2 ball pythons (D:3)
  4 frilled lizards
  3 rats
35 creatures vanquished.

Notes
Turn   | Place    | Note
-------+----------+-------------------------------------------
     0 | D:1      | brucemayne the Hill Orc Monk began the quest for the Orb.
     0 | D:1      | Reached XP level 1. HP: 19/19 MP: 1/1
   186 | D:2      | Reached skill level 5 in Axes
   186 | D:2      | Reached XP level 2. HP: 9/26 MP: 2/2
   451 | D:3      | Reached XP level 3. HP: 19/31 MP: 3/3
   506 | D:3      | Reached skill level 6 in Axes
   649 | D:3      | Reached XP level 4. HP: 31/39 MP: 4/4
   663 | D:5      | Entered Level 5 of the Dungeon
   670 | D:5      | Found a staircase to the Ecumenical Temple.
   691 | D:5      | Reached skill level 7 in Axes
   691 | D:5      | Reached XP level 5. HP: 21/45 MP: 5/5
   695 | Temple   | Entered the Ecumenical Temple
   711 | Temple   | Became a worshipper of Makhleb the Destroyer
   711 | Temple   | Reached * piety under Makhleb
   711 | Temple   | Reached ** piety under Makhleb
   793 | D:6      | Reached skill level 8 in Axes
   820 | D:6      | Noticed Grinder
   938 | D:5      | Noticed an ogre
   969 | D:5      | HP: 2/45 [ogre/giant spiked club (14)]
   970 | D:5      | Mangled by a gnoll

Vault maps used:
D:1:      kilobyte_arrival_exit_the_forest, hangedman_decor_riveting
D:2:      first_bread
D:3:      grunt_temple_overflow_magic_moments
D:4:      serial_shops, nicolae_shop_overgrown_old_shop, shop,
          nicolae_shop_statue_plus, roderic_curled_sauvastika, uniq_natasha
D:6:      portal_sewer_entry_b, uniq_eustachio, uniq_grinder,
          uniq_crazy_yiuf_cottage, uniq_menkaure
Temple:   nicolae_temple_elliptical

Skill      XL: |  1  2  3  4  5 |
---------------+----------------+-----
Axes           | 5 6 7 8 |  8.2
Fighting       | |  3.6
Dodging        | |  2.4
Stealth        | |  1.5

Action                   |  1- 3 |  4- 6 || total
-------------------------+-------+-------++-------
Melee: Hand axe          |    67 |    24 ||    91
       War axe           |       |    28 ||    28
  Use: Potion            |     2 |     3 ||     5
       Scroll            |     2 |       ||     2
 Stab: Sleeping          |     1 |       ||     1
Armor: Robe              |     8 |       ||     8
       Ring mail         |     1 |    26 ||    27
Dodge: Dodged            |    47 |    35 ||    82
